 Dungeon Crawl Stone Soup version 0.21-a0-221-gfe971b9 (console) character file.

1197 Akra the Shield-Bearer (level 8, 0/39 HPs)
             Began as a Vine Stalker Fighter on Aug 27, 2017.
             Was an Elder of Uskayaw.
             Slain by a cyclops (11 damage)
             ... on level 6 of the Dungeon.
             The game lasted 00:13:26 (3522 turns).

Akra the Shield-Bearer (Vine Stalker Fighter)       Turns: 3522, Time: 00:13:26

Health: 0/39       AC:  8    Str: 23    XL:     8   Next: 44%
Magic:  0/9        EV:  8    Int:  8    God:    Uskayaw [****..]
Gold:   225        SH: 11    Dex: 15    Spells: 7/7 levels left

rFire    . . .     SeeInvis +   a - +0 rapier
rCold    . . .     Gourm    .   c - +0 shield
rNeg     . . .     Faith    .   b - +0 scale mail
rPois    .         Spirit   +   (no helmet)
rElec    .         Reflect  .   (no cloak)
rCorr    .         Harm     .   E - +0 pair of gloves {Str+3}
MR       +....                  (no boots)
Stlth    ..........             (no amulet)
HPRegen  0.53/turn              q - ring of see invisible
MPRegen  0.11/turn              (no ring)

@: no status effects
A: fangs 3, regeneration 1, magic shield, antimagic bite, no potion heal 3, rot
immunity
a: Stomp, Line Pass, Renounce Religion


You were on level 6 of the Dungeon.
You worshipped Uskayaw.
Uskayaw was noncommittal.
You were not hungry.

You visited 1 branch of the dungeon, and saw 6 of its levels.

You collected 225 gold pieces.

Inventory:

Hand Weapons
 a - a +0 rapier (weapon)
Armour
 b - a +0 scale mail (worn)
 c - a +0 shield (worn)
 n - a +0 pair of gloves
 E - a +0 pair of gloves of strength (worn)
Jewellery
 q - a ring of see invisible (left hand)
 C - a cursed ring of protection from magic {unknown}
Scrolls
 l - 5 scrolls of teleportation
 m - a scroll of immolation {unknown}
 w - 4 scrolls of remove curse {unknown}
 x - a scroll of vulnerability {unknown}
 y - 2 scrolls of amnesia {unknown}
 D - a scroll of enchant weapon {unknown}
 F - a scroll of blinking {unknown}
Potions
 d - a potion of might
 e - a potion of lignification {unknown}
 g - 2 potions of resistance
 h - a potion of mutation
 j - a potion of cancellation
 k - 4 potions of agility
 p - a potion of invisibility {unknown}
 r - a potion of haste {unknown}
 s - a potion of magic {unknown}
 t - a potion of ambrosia {unknown}
 u - a potion of berserk rage {unknown}
 v - 3 potions of curing {unknown}
 B - a potion of brilliance {unknown}
Comestibles
 f - 7 bread rations
 i - 3 royal jellies
 o - 5 fruits
 z - 3 meat rations
 A - a chunk of flesh


   Skills:
 - Level 2.6 Fighting
 + Level 5.4 Short Blades
 + Level 5.3 Armour
 + Level 5.8 Shields


You had 7 spell levels left.
You didn't know any spells.

Dungeon Overview and Level Annotations

Branches:
Dungeon (6/15)             Temple (0/1) D:4

Altars:
Trog
Uskayaw
Vehumet
Yredelemnul

Shops:
D:6 (


Innate Abilities, Weirdness & Mutations

You have razor-sharp teeth.
Your natural rate of healing is unusually fast.
When hurt, damage is shared between your health and your magic reserves.
Your bite disrupts and absorbs the magic of your enemies.
Potions cannot restore your health.
You are immune to rotting.


Message History

The worker ant zombie is moderately damaged.
You block the worker ant zombie's attack.
You puncture the worker ant zombie! You bite the worker ant zombie.
You drain its power.
The worker ant zombie is severely damaged.
You block the worker ant zombie's attack.
Uskayaw will force your foes to share their pain.
Uskayaw links your audience in an emotional bond!
You hit the worker ant zombie.
You kill the orc!
You destroy the worker ant zombie!
You hit the cyclops. You bite the cyclops, but do no damage.
The cyclops is moderately wounded.
The cyclops is no longer sharing its pain.
You hit the cyclops. You bite the cyclops! You drain its power.
The cyclops is heavily wounded.
The cyclops hits you!!
* * * LOW HITPOINT WARNING * * *
You puncture the cyclops!
The cyclops is severely wounded.
The cyclops hits you!
You die...

#....#.# .......
###.##.##.o.......
#.##.##.........
#.##.##.........
#.##.##....S....
#.# .# #.# .# #.#
.# #.# .# .
#.##.##....
#.@C.......
####)##.... .# .
.# .# .# .# .#


You could see a cyclops.

Vanquished Creatures
  Eustachio (D:6)
  A black bear (D:6)
  2 ogres
  A centaur (D:6)
  A bullfrog (D:6)
  A scorpion (D:4)
  A howler monkey (D:4)
  2 jellies
  A hound (D:4)
  A bullfrog skeleton (D:5)
  4 orc wizards
  A gnoll shaman (D:6)
  A worker ant (D:6)
  An iguana (D:5)
  A hound zombie (D:6)
  A howler monkey zombie (D:5)
  A worker ant zombie (D:6)
  A gnoll (D:6)
  4 adders
  A shadow imp (D:6)
  An ooze (D:1)
  An adder zombie (D:5)
  6 worms
  3 dart slugs
  4 leopard geckos
  27 orcs
  6 goblins
  12 hobgoblins
  6 jackals (D:2)
  9 kobolds
  4 quokkas
  A ball python (D:2)
  7 bats
  8 frilled lizards
  A jackal skeleton (D:5)
  A leopard gecko zombie (D:6)
  7 rats
132 creatures vanquished.

Vanquished Creatures (others)
  An orc wizard (D:6)
1 creature vanquished.

Grand Total: 133 creatures vanquished

Notes
Turn   | Place    | Note
-------+----------+-------------------------------------------
     0 | D:1      | Akra the Vine Stalker Fighter began the quest for the Orb.
     0 | D:1      | Reached XP level 1. HP: 11/11 MP: 2/2
    59 | D:1      | Reached XP level 2. HP: 16/16 MP: 3/3
   242 | D:1      | Reached XP level 3. HP: 16/19 MP: 4/4
   554 | D:2      | Found a hide-covered altar of Uskayaw.
   567 | D:2      | Became a worshipper of Uskayaw the Reveler
   601 | D:2      | Reached * piety under Uskayaw
   613 | D:2      | Reached ** piety under Uskayaw
   730 | D:2      | Gained mutation: Your natural rate of healing is unusually fast. [Vine Stalker growth]
   730 | D:2      | Reached XP level 4. HP: 23/23 MP: 5/5
  1139 | D:3      | Reached *** piety under Uskayaw
  1239 | D:3      | Noticed a moth of wrath
  1300 | D:3      | Reached **** piety under Uskayaw
  1426 | D:3      | Found a radiant altar of Vehumet.
  1696 | D:3      | Found a bloodstained altar of Trog.
  1700 | D:3      | Reached XP level 5. HP: 27/27 MP: 6/6
  1826 | D:4      | Noticed an ogre
  1833 | D:4      | Killed an ogre
  1833 | D:4      | Reached XP level 6. HP: 29/32 MP: 7/7
  2002 | D:4      | Reached ***** piety under Uskayaw
  2070 | D:4      | Found a staircase to the Ecumenical Temple.
  2414 | D:5      | Entered Level 5 of the Dungeon
  2420 | D:5      | Reached XP level 7. HP: 23/35 MP: 6/8
  2969 | D:6      | Noticed Eustachio
  2988 | D:6      | Killed Eustachio
  2988 | D:6      | Reached skill level 5 in Shields
  3113 | D:6      | Noticed a cyclops
  3192 | D:6      | Found Cicai's Antique Weapon Emporium.
  3236 | D:6      | Reached skill level 5 in Short Blades
  3236 | D:6      | Gained mutation: You have razor-sharp teeth. [Vine Stalker growth]
  3236 | D:6      | Reached XP level 8. HP: 11/39 MP: 6/9
  3306 | D:6      | Found a basalt altar of Yredelemnul.
  3323 | D:6      | Reached skill level 5 in Armour
  3522 | D:6      | Slain by a cyclops

Vault maps used:
D:1:      wheals_arrival_shading, minmay_pentomino_x2
D:2:      eat_drink_and_be_merry_uskayaw
D:3:      vehumet_crystals, tgw_trog
D:4:      minmay_temple_entry_enclosed_plants, first_bread
D:6:      minmay_opposing_rooms, lemuel_crystal_altar, serial_shops, shop,
          serial_curves, eino_curves_01, eino_curves_03, uniq_eustachio

Skill      XL: |  1  2  3  4  5  6  7  8 |
---------------+-------------------------+-----
Short Blades   | 2 3 4 5 |  5.4
Shields        | 3 4 5 |  5.8
Armour         | 3 4 5 |  5.3
Fighting       | |  2.6

Action                   |  1- 3 |  4- 6 |  7- 9 || total
-------------------------+-------+-------+-------++-------
Melee: Rapier            |    92 |   189 |   154 ||   435
       Bite              |    19 |    59 |    54 ||   132
  Use: Scroll            |       |     8 |     1 ||     9
 Stab: Paralysed         |       |     3 |     6 ||     9
  Eat: Chunk             |       |     5 |     4 ||     9
Armor: Scale mail        |    33 |    75 |    83 ||   191
Dodge: Dodged            |    28 |    49 |    34 ||   111
Block: Shield            |    43 |    80 |    92 ||   215

Table legend:
 A = Spawn XP
 B = Non-spawn XP
 C = Spawn XP percentage of total XP
 D = Spawn monster count
 E = Non-spawn monster count
 F = Spawn count percentage of total count
 G = Total turns spent on level
                    A         B        C        D         E        F      G
               +---------+---------+-------+---------+---------+-------+---------
         Total |     106 |    1604 |   6.2 |      13 |     119 |   9.8 |  3522
               +---------+---------+-------+---------+---------+-------+---------
           D:1 |       9 |      39 |  18.8 |       4 |      19 |  17.4 |   508
           D:2 |       4 |      45 |   8.2 |       2 |      17 |  10.5 |   581
           D:3 |       2 |      76 |   2.6 |       1 |      34 |   2.9 |   718
           D:4 |      88 |     322 |  21.5 |       5 |      10 |  33.3 |   607
           D:5 |       3 |     333 |   0.9 |       1 |      17 |   5.6 |   555
           D:6 |       0 |     789 |   0.0 |       0 |      22 |   0.0 |   553
               +---------+---------+-------+---------+---------+-------+---------
